 Dungeon Crawl Stone Soup version 0.27-a0-1529-g1e82c303ef (webtiles) character file.

Game seed: 3266199582000272454

170 Sin92 the Shield-Bearer (level 5, -6/41 HPs)
             Began as a Demonspawn Fighter on July 12, 2021.
             Mangled by a gnoll (13 damage)
             ... on level 3 of the Dungeon.
             The game lasted 00:01:50 (2164 turns).

Sin92 the Shield-Bearer (Demonspawn Fighter)        Turns: 2164, Time: 00:01:51

Health: -6/41      AC:  8    Str: 18    XL:     5   Next: 26%
Magic:  5/5        EV:  7    Int:  9    God:
Gold:   100        SH:  9    Dex: 12    Spells: 4/4 levels left

rFire    . . .     SeeInvis .   a - +0 war axe (freeze)
rCold    . . .     Faith    .   c - +0 kite shield
rNeg     . . .     Spirit   .   b - +0 scale mail
rPois    .         Reflect  .   (helmet restricted)
rElec    .         Harm     .   m - +0 cloak
rCorr    .         Rampage  .   (no gloves)
Will     .....                  (no boots)
Stlth    ..........             (no amulet)
HPRegen  0.13/turn              (no ring)
MPRegen  0.09/turn              (no ring)

@: no status effects
A: horns 2, ignite blood 2
a: no special abilities


You were on level 3 of the Dungeon.
You visited 1 branch of the dungeon, and saw 3 of its levels.

You collected 100 gold pieces.

Inventory:

Hand Weapons
 a - a +0 war axe of freezing (weapon)
Armour
 b - a +0 scale mail (worn)
 c - a +0 kite shield (worn)
 m - a +0 cloak (worn)
Scrolls
 l - a scroll of amnesia
Potions
 d - a potion of might
 g - a potion of attraction
 h - a potion of lignification
 i - a potion of cancellation


   Skills:
 + Level 3.3 Fighting
 + Level 3.1 Axes
 + Level 3.2 Armour
 + Level 0.8 Dodging
 + Level 3.9 Shields


You had 4 spell levels left.
You didn't know any spells.
Your spell library was empty.

Dungeon Overview and Level Annotations

Branches:
Dungeon (3/15)

Altars:


Innate Abilities, Weirdness & Mutations

You have a pair of horns on your head.
Your demonic aura often causes spilled blood to erupt in flames.


Message History

You slash the worm! You freeze the worm.
You kill the worm!
You hit the gnoll. You freeze the gnoll. You hit the gnoll but do no damage.
You barely miss the adder. The adder closely misses you.
You block the gnoll's attack. The gnoll barely misses you. x2
The adder bites you. The gnoll barely misses you.
An adder comes into view.
The gnoll hits you but does no damage. The gnoll hits you with a +0 club.
The gnoll hits you from afar with a +0 halberd!
There are monsters nearby!
You are too injured to fight recklessly!
Unknown command.
There are monsters nearby!
You are too injured to fight recklessly!
There are monsters nearby!
Unknown command.
You are too injured to fight recklessly!
There are monsters nearby!
Unknown command.
You are too injured to fight recklessly!
The gnoll hits you but does no damage. The adder bites you but does no damage.
The adder hisses angrily.
You slash the adder!
The adder seems to slow down.
You freeze the adder.
You kill the adder!
The gnoll hits you from afar with a +0 halberd.
You barely miss the gnoll.
The gnoll is lightly wounded.
You block the gnoll's attack. The gnoll closely misses you.
You block the gnoll's attack.
You barely miss the gnoll.
The gnoll is heavily wounded.
You slash the gnoll! You freeze the gnoll.
You kill the gnoll!
The gnoll hits you with a +0 club.
* * * LOW HITPOINT WARNING * * *
The gnoll hits you from afar with a +0 halberd.
* * * LOW HITPOINT WARNING * * *
The adder bites you but does no damage. The gnoll hits you but does no damage.
The gnoll hits you from afar with a +0 halberd!
You die...

.................#
.....#####....####
...........####
........###########
###...#.####......#
#......^.#......###
#.#.#..............
#...#####§.........
...# ..#
#@gg....... ##..
#....g#S........ ##
###.....°.....##
#...#>†.......
...........<....
.............#..
##.........##....
........... ##..
##....#..... ..


You could see 3 gnolls and an adder.

Vanquished Creatures
  A centaur zombie (D:3)
  Crazy Yiuf (D:2)
  A centaur skeleton (D:2)
  An adder (D:3)
  A gnoll (D:3)
  2 worms
  A dart slug (D:2)
  4 ball pythons
  6 bats
  3 endoplasms
  A giant cockroach (D:2)
  4 goblins
  3 hobgoblins
  18 jackals
  2 quokkas
  A frilled lizard (D:1)
  3 kobolds
  3 rats
56 creatures vanquished.

Notes
Turn   | Place    | Note
-------+----------+-------------------------------------------
     0 | D:1      | Sin92 the Demonspawn Fighter began the quest for the Orb.
     0 | D:1      | Reached XP level 1. HP: 18/18 MP: 1/1
    98 | D:1      | Gained mutation: You have a pair of small horns on your
                  | head. [demonic ancestry]
    98 | D:1      | Reached XP level 2. HP: 16/24 MP: 2/2
   671 | D:1      | Gained mutation: Your demonic aura sometimes causes spilled
                  | blood to erupt in flames. [demonic ancestry]
   671 | D:1      | Reached XP level 3. HP: 25/29 MP: 3/3
  1222 | D:2      | Found a faded altar of an unknown god.
  1370 | D:2      | Gained mutation: Your demonic aura often causes spilled
                  | blood to erupt in flames. [demonic ancestry]
  1370 | D:2      | Reached XP level 4. HP: 30/35 MP: 4/4
  2077 | D:2      | Found a runed translucent door.
  2078 | D:2      | Noticed Crazy Yiuf
  2082 | D:2      | Killed Crazy Yiuf
  2158 | D:3      | Gained mutation: You have a pair of horns on your head.
                  | [demonic ancestry]
  2158 | D:3      | Reached XP level 5. HP: 31/41 MP: 5/5
  2164 | D:3      | Mangled by a gnoll

Illustrated notes

Levels and vault maps discovered:
D:1:      elethiomel_arrival_quiet, layout_basic
D:2:      layout_basic, ebering_ecumenical_altar_hall, uniq_crazy_yiuf_cottage
D:3:      layout_rooms

Skill      XL: |  1  2  3  4 |
---------------+-------------+-----
Axes           | 2 3 |  3.1
Armour         | 3 |  3.2
Shields        | 3 |  3.9
Fighting       | |  3.3
Dodging        | |  0.8

Action                   |  1- 3 |  4- 6 || total
-------------------------+-------+-------++-------
Melee: War axe           |    86 |    48 ||   134
       Headbutt          |    13 |    10 ||    23
  Use: Scroll            |       |     7 ||     7
Armor: Scale mail        |    49 |    42 ||    91
Dodge: Dodged            |    43 |    25 ||    68
Block: Kite shield       |    52 |    33 ||    85

Table legend: (Time is in decaauts)
 A = Elapsed time spent in this place.
 B = Non-inter-level travel time spent in this place.
 C = Inter-level travel time spent in this place.
 D = Time resting spent in this place.
 E = Time spent auto-exploring this place.
 F = Levels seen in this place.
 G = Mean time per level.
                   A        B        C        D        E       F      G
               +--------+--------+--------+--------+--------+-----+--------+
         Total |   2245 |   2208 |     37 |      0 |   1877 |   3 |  748.3 |
       Dungeon |   2245 |   2208 |     37 |      0 |   1877 |   3 |  748.3 |
               +--------+--------+--------+--------+--------+-----+--------+

Top non-repeatable levels by time:
     D:1: 1197 daAuts
     D:2: 1008 daAuts
     D:3: 39 daAuts
